 Dungeon Crawl Stone Soup version 0.31-a0-1301-g7e11add784 (webtiles) character file.

Game seed: 3658770832772316238

2076 Bnni the Spear-Bearer (level 9, -2/73 HPs)
             Began as a Formicid Fighter on Dec 18, 2023.
             Was an Initiate of Yredelemnul.
             Slain by a yak (11 damage)
             ... on level 7 of the Dungeon on Dec 19, 2023.
             The game lasted 00:09:00 (6277 turns).

Bnni the Spear-Bearer (Formicid Fighter)            Turns: 6277, Time: 00:09:01

Health: -2/73      AC: 10    Str: 24    XL:     9   Next: 51%
Magic:  12/12      EV:  9    Int:  7    God:    Yredelemnul [......]
Gold:   444        SH:  6    Dex: 21    Spells: 8/8 levels left

rFire   . . .        f - +2 short sword (venom)
rCold   . . .        c - +0 buckler
rNeg    . . .        b - +0 scale mail
rPois   .            (helmet unavailable)
rElec   .            j - scarf {repulsion}
rCorr   .            (no gloves)
SInv    +            (no boots)
Will    .....        (no amulet) Stlth
                     q - +4 ring of protection
HPRegen 0.32/turn    w - +6 ring of dexterity
MPRegen 0.13/turn

%: repel missiles
@: no status effects
A: permanent stasis, dig shafts and tunnels, antennae 3, four strong arms
a: Dig, Shaft Self, Renounce Religion, Recall Undead Harvest


You were on level 7 of the Dungeon.
You worshipped Yredelemnul.
Yredelemnul was noncommittal.
You visited 2 branches of the dungeon, and saw 8 of its levels.
You also visited: Sewer.

You collected 444 gold pieces.

Inventory:

Hand Weapons
 a - a +1 trident
 f - a +2 short sword of venom (weapon)
Missiles
 p - 6 boomerangs
 z - 3 curare-tipped darts
 A - 2 throwing nets
Armour
 b - a +0 scale mail (worn)
 c - a +0 buckler (worn)
 j - a scarf of repulsion (worn)
 r - the +1 robe "Qaceizeu" {Fly Int-3 Slay+2 SInv}
   (You found it on level 2 of the Dungeon)

   Int-3:     It affects your intelligence (-3).
   Slay+2:    It affects your accuracy & damage with ranged weapons and melee
   (+2).
   SInv:      It lets you see invisible.
   Fly:       It grants you flight.
Jewellery
 q - a +4 ring of protection (left hand)
 w - a +6 ring of dexterity (right hand)
Wands
 n - a wand of iceblast (11)
Scrolls
 e - a scroll of noise {unknown}
 g - 2 scrolls of blinking {unknown}
 h - a scroll of enchant armour {unknown}
 l - a scroll of butterflies {unknown}
 o - a scroll of torment {unknown}
 s - 2 scrolls of teleportation {unknown}
 t - 2 scrolls of enchant weapon
 v - 2 scrolls of brand weapon {unknown}
 y - a scroll of fog {unknown}
 D - a scroll of revelation {unknown}
Potions
 d - a potion of might
 i - 3 potions of curing
 k - 2 potions of ambrosia
 m - 2 potions of resistance
 u - 4 potions of heal wounds
 x - a potion of invisibility {unknown}
 C - a potion of mutation {unknown}


   Skills:
 + Level 7.7 Fighting
 * Level 9.2 Polearms
 - Level 3.2 Armour
 - Level 4.0 Shields
 + Level 5.2 Invocations


You had 8 spell levels left.
You didn't know any spells.
Your spell library contained the following spells:

 Spells                   Type           Power      Damage    Failure   Level
 Slow                     Hex            0%         N/A       80%         1
 Confusing Touch          Hex            0%         N/A       99%         3
 Inner Flame              Hex/Fire       0%         N/A       99%         3
 Sigil of Binding         Hex            0%         N/A       99%         3
 Vampiric Draining        Necr           0%         2d6       99%         3
 Flame Wave               Conj/Fire      0%         2d4       100%        4
 Sticky Flame             Conj/Fire      0%         2d3       100%        4


Dungeon Overview and Level Annotations

Branches:
Dungeon (7/15)             Temple (1/1) D:4           Sewer (visited)

Altars:
Cheibriados
Elyvilon
Fedhas
Gozag
Hepliaklqana
Kikubaaqudgha
Nemelex Xobeh
Okawaru
Qazlal
Ru
Sif Muna
Uskayaw
Vehumet
Xom
Yredelemnul
Zin
The Shining One

Shops:
D:4 =[


Innate Abilities, Weirdness & Mutations

You cannot be hasted, slowed, berserked, paralysed or teleported.
You can dig through walls and to a lower floor.
You have a pair of large antennae on your head. (SInv)
Your four strong arms can wield two-handed weapons with a shield.


Message History

The yak is lightly wounded.
The yak gores you! The yak barely misses you.
Your orc zombie hits the yak but does no damage.
You are too injured to fight recklessly!
Unknown command.
You are too injured to fight recklessly!
You hit the yak.
The yak looks as sick as possible!
The yak is lightly wounded.
The yak gores your orc zombie!
Your orc zombie is destroyed!
The yak closely misses you.
Your orc zombie barely misses the yak.
You hit the yak.
The yak looks as sick as possible!
The yak is moderately wounded.
You block the yak's attack. The yak gores you. The yak completely misses you.
Your iguana zombie bites the yak.
Unknown command.
You hit the yak.
The yak is poisoned.
The yak is lightly wounded.
Your orc zombie closely misses the yak.
The yak gores you but does no damage. You block the yak's attack.
The yak gores you. The yak closely misses you.
Your iguana zombie closely misses the yak.
Unknown command.
You barely miss the yak.
The yak is moderately wounded.
Your orc zombie hits the yak but does no damage.
The yak closely misses you. You block the yak's attack. The yak gores you. x2
* * * LOW HITPOINT WARNING * * *
Unknown command.
You swap places.
Your iguana zombie bites the yak but does no damage.
The yak gores you!
* * * LOW HITPOINT WARNING * * *
The yak barely misses your orc zombie. The yak gores your orc zombie!
Your orc zombie is destroyed!
Unknown command.
You hit the yak but do no damage.
The yak looks as sick as possible!
The yak is moderately wounded.
The yak gores you!
You die...
Your body rises from the dead as a mindless zombie.

# #.#<..# ###.#...#
..))#<..# ....#...#
########## ........#
#........#
##.......###........#
...##.##..##...$....#
....#.#...##....ZY..#
..#.....#.......@YY.#
..##...##......###Y......
Z...._.........# .......
#Z##...##....Z.# .......
#Z#.....#......# .......
#...#.#........# .......
#..##.##.......###.......
##.......##......#.......
##.....###......#


You could see 4 yaks and a friendly iguana zombie.

Vanquished Creatures
  A water moccasin (D:4)
  An orc warrior (D:6)
  An ice beast (D:6)
  A black bear (D:6)
  An ogre (D:4)
  A centaur (D:6)
  2 phantoms
  4 kobold brigands (Sewer)
  A bullfrog (D:5)
  3 scorpions
  A hound (D:5)
  3 orc priests
  3 iguanas
  A sleepcap (D:4)
  4 orc wizards (D:6)
  7 gnolls
  9 adders
  2 river rats (Sewer)
  An ufetubus (D:6)
  5 worms
  3 dart slugs
  9 orcs
  3 bats
  10 endoplasms
  6 giant cockroaches
  10 goblins
  6 hobgoblins
  7 jackals
  5 quokkas
  13 ball pythons
  6 frilled lizards
  11 kobolds
  8 rats
149 creatures vanquished.

Vanquished Creatures (collateral kills)
  2 ogres (D:6)
  2 iguanas
  A gnoll (D:4)
  A shadow imp (D:6)
  An ufetubus (D:6)
  An orc (D:5)
8 creatures vanquished.

Vanquished Creatures (others)
  A scorpion zombie (D:5)
  4 orc zombies
  2 gnoll zombies
  A goblin zombie (D:4)
  A hobgoblin zombie (D:4)
9 creatures vanquished.

Grand Total: 166 creatures vanquished

Notes
Turn   | Place    | Note
-------+----------+-------------------------------------------
     0 | D:1      | Bnni the Formicid Fighter began the quest for the Orb.
     0 | D:1      | Reached XP level 1. HP: 18/18 MP: 1/1
   191 | D:1      | Reached XP level 2. HP: 24/24 MP: 2/2
   528 | D:1      | Reached XP level 3. HP: 28/30 MP: 3/3
   846 | D:2      | Reached skill level 3 in Polearms
   888 | D:2      | Found a faded altar of an unknown god.
  1037 | D:2      | Reached XP level 4. HP: 37/37 MP: 4/4
  1216 | D:2      | Identified the +1 robe "Qaceizeu" {Fly Int-3 Slay+2 SInv}
  1590 | D:3      | Reached skill level 4 in Polearms
  1627 | D:3      | Reached XP level 5. HP: 33/42 MP: 5/5
  1727 | D:3      | Found a sacrificial altar of Ru.
  2289 | D:4      | Found Baeklidgh's Jewellery Shop.
  2313 | D:4      | Found Zuympoekk's Antique Armour Shop.
  2379 | D:4      | Found a stormy altar of Qazlal.
  2412 | D:4      | Found a glowing drain.
  2416 | Sewer    | Entered a sewer
  2622 | Sewer    | Noticed a kobold brigand
  2642 | Sewer    | Killed a kobold brigand
  2643 | Sewer    | Reached skill level 5 in Polearms
  2643 | Sewer    | Reached XP level 6. HP: 40/50 MP: 6/6
  2756 | Sewer    | Reached skill level 5 in Fighting
  3088 | Sewer    | Reached XP level 7. HP: 40/56 MP: 7/7
  3316 | Sewer    | Reached skill level 6 in Polearms
  3592 | D:4      | Found a staircase to the Ecumenical Temple.
  3600 | Temple   | Entered the Ecumenical Temple
  3619 | Temple   | Became a worshipper of Yredelemnul the Dark
  3790 | D:4      | Reached skill level 1 in Invocations
  3845 | D:4      | Noticed a water moccasin
  3858 | D:4      | Killed a water moccasin
  3858 | D:4      | Reached * piety under Yredelemnul
  3859 | D:4      | Reached XP level 8. HP: 28/64 MP: 7/9
  4012 | D:4      | Reached skill level 7 in Polearms
  4173 | D:4      | Reached ** piety under Yredelemnul
  4265 | D:5      | Entered Level 5 of the Dungeon
  4767 | D:5      | Reached skill level 8 in Polearms
  5257 | D:6      | Reached XP level 9. HP: 25/72 MP: 10/12
  5275 | D:6      | Upgraded the game from 0.31-a0-1291-g5386780bc2 to
                  | 0.31-a0-1301-g7e11add784
  5750 | D:6      | Reached skill level 9 in Polearms
  5851 | D:6      | Reached skill level 5 in Invocations
  5855 | D:6      | Found a shimmering blue altar of Sif Muna.
  5878 | D:6      | Reached *** piety under Yredelemnul
  6172 | D:7      | Found an iron altar of Okawaru.
  6277 | D:7      | Slain by a yak

Illustrated notes

Levels and vault maps discovered:
D:1:      lemuel_arrival_behind_the_door_small, layout_basic, kennysheep_doodads
D:2:      layout_basic, serial_glass, glass_columns_a, glass_columns_a,
          feat_on_display, item_on_display_a, minmay_strange_pillars,
          minmay_strange_pillars, hellmonk_ecumenical_altar_zigzags
D:3:      layout_basic, nicolae_ru_awakened_eye
D:4:      layout_loops_ring, amcnicky_altar_gilded,
          minmay_temple_entry_gardened_gates, gup_sewer_entry_bowl,
          nicolae_wooded_promenade, kennysheep_flooded_box, minmay_surrounded
D:5:      cheibrodos_helix_gallery, layout_basic
D:6:      layout_rooms, kennysheep_orc_sif_temple, kennysheep_generic_room_10
D:7:      cheibrodos_steamvent, layout_basic, mainiacjoe_overflow_chevrons,
          mainiacjoe_overflow_small_starburst, st_stairs_5, uniq_joseph,
          uniq_menkaure, uniq_maurice
Temple:   nicolae_temple_figure_eight

Skill      XL: |  1  2  3  4  5  6  7  8  9 |
---------------+----------------------------+-----
Polearms       | 3 4 5 6 8 9 |  9.2
Fighting       | 4 5 6 7 |  7.7
Invocations    | 1 4 5 |  5.2
Armour         | |  3.2
Shields        | |  4.0

Action                     |  1- 3 |  4- 6 |  7- 9 || total
---------------------------+-------+-------+-------++-------
  Melee: Trident           |    44 |       |    33 ||    77
         Short sword       |    39 |   213 |   254 ||   506
 Invoke: Recall Undead Har |       |       |     3 ||     3
Ability: Dig               |       |     1 |     1 ||     2
    Use: Potion            |       |       |     2 ||     2
         Scroll            |       |       |     5 ||     5
   Stab: Distracted        |       |       |     1 ||     1
 Armour: Scale mail        |    49 |   107 |   260 ||   416
  Dodge: Dodged            |    43 |    66 |   152 ||   261
         Repelled          |       |       |     2 ||     2
  Block: Buckler           |    22 |    53 |   104 ||   179

Table legend: (Time is in decaauts)
 A = Elapsed time spent in this place.
 B = Non-inter-level travel time spent in this place.
 C = Inter-level travel time spent in this place.
 D = Time resting spent in this place.
 E = Time spent auto-exploring this place.
 F = Levels seen in this place.
 G = Mean time per level.
                   A        B        C        D        E       F      G
               +--------+--------+--------+--------+--------+-----+--------+
         Total |   6463 |   6297 |    166 |    258 |   4772 |   9 |  718.1 |
       Dungeon |   5300 |   5168 |    132 |    258 |   3893 |   7 |  757.1 |
        Temple |     36 |      2 |     34 |      0 |      0 |   1 |   36.0 |
         Sewer |   1126 |   1126 |      0 |      0 |    879 |   1 | 1126.0 |
               +--------+--------+--------+--------+--------+-----+--------+

Top non-repeatable levels by time:
   Sewer: 1126 daAuts
     D:4: 1035 daAuts
     D:6: 958 daAuts
     D:5: 944 daAuts
     D:1: 845 daAuts
     D:3: 725 daAuts
     D:2: 676 daAuts
     D:7: 115 daAuts
  Temple: 36 daAuts
